 Dungeon Crawl Stone Soup version 0.30-a0-4-ga7cffc901d (webtiles) character file.

Game seed: 16091495634871376160

81 Setbun the Sneak (level 4, -4/25 HPs)
             Began as a Kobold Enchanter on Aug 20, 2022.
             Slain by Setbun's ghost (6 damage)
             ... on level 3 of the Dungeon.
             The game lasted 00:02:35 (2985 turns).

Setbun the Sneak (Kobold Enchanter)                 Turns: 2985, Time: 00:02:36

Health: -4/25      AC:  8    Str:  5    XL:     4   Next: 67%
Magic:  7/7        EV: 15    Int: 16    God:
Gold:   167        SH:  0    Dex: 17    Spells: 3/8 levels left

rFire   . . .      SeeInvis .    a - +1 dagger
rCold   . . .      Faith    .    (no shield)
rNeg    . . .      Spirit   .    b - +0 robe
rPois   .          Reflect  .    (no helmet)
rElec   .          Harm     .    e - +0 cloak
rCorr   .          Rampage  .    (no gloves)
Will    .....                    k - +0 pair of boots
Stlth   ++++......               (no amulet)
HPRegen 0.08/turn                d - +4 ring of protection
MPRegen 0.10/turn                (no ring)

@: no status effects
A: small, no large weapons, nightstalker 3
a: no special abilities


You were on level 3 of the Dungeon.
You visited 1 branch of the dungeon, and saw 3 of its levels.

You collected 167 gold pieces.

Inventory:

Hand Weapons
 a - a +1 dagger (weapon)
Armour
 b - a +0 robe (worn)
 e - a +0 cloak (worn)
 k - a +0 pair of boots (worn)
Jewellery
 d - a +4 ring of protection (left hand)
Scrolls
 h - a scroll of fear {unknown}
 i - 3 scrolls of identify {unknown}
 j - a scroll of torment {unknown}
 n - 2 scrolls of butterflies {unknown}
 p - a scroll of enchant armour {unknown}
 q - a scroll of vulnerability {unknown}
 r - a scroll of teleportation {unknown}
 s - a scroll of noise {unknown}
 u - a scroll of acquirement {unknown}
Potions
 c - 2 potions of invisibility
 f - a potion of ambrosia {unknown}
 g - 2 potions of lignification {unknown}
 l - a potion of might {unknown}
 m - a potion of cancellation {unknown}
 o - a potion of heal wounds {unknown}
 t - 2 potions of haste {unknown}


   Skills:
 + Level 1.4 Fighting
 * Level 3.4 Short Blades
 + Level 2.9 Dodging
 + Level 4.4 Stealth
 + Level 2.5 Spellcasting
 + Level 3.3 Hexes


You had 3 spell levels left.
You knew the following spells:

 Your Spells              Type           Power      Damage    Failure   Level
a - Ensorcelled Hibernat  Hex/Ice        14%        N/A       16%         2
b - Confusing Touch       Hex            12%        N/A       16%         3

Your spell library contained the following spells:

 Spells                   Type           Power      Damage    Failure   Level
 Tukima's Dance           Hex            12%        N/A       16%         3
 Magic Dart               Conj           8%         1d3       21%         1
 Searing Ray              Conj           4%         2d4       30%         2
 Dazzling Flash           Conj/Hex       14%        N/A       30%         3
 Portal Projectile        Hex/Tloc       14%        N/A       30%         3
 Call Canine Familiar     Summ           2%         N/A       52%         3
 Fulminant Prism          Conj/Hex       3%         3d6       69%         4
 Leda's Liquefaction      Hex/Erth       3%         N/A       69%         4


Dungeon Overview and Level Annotations

Branches:
Dungeon (3/15)

Altars:

Shops:
D:2 :

Annotations:
D:3 Setbun's ghost, amateur HOFi


Innate Abilities, Weirdness & Mutations

You are small and have problems with some larger weapons.
You are completely attuned to the shadows.


Message History

Moving in this stuff is going to be slow.
Setbun's ghost (amateur Hill Orc Fighter) comes into view.
Found a scroll labelled VIPTIMI FALYMYL and a scroll labelled REHOSHR UTIPH.
The helpless Setbun's ghost fails to defend itself.
You impale Setbun's ghost!!
Setbun's ghost is heavily damaged.
Setbun's ghost closely misses you.
You barely miss Setbun's ghost.
Setbun's ghost is heavily damaged.
You hit Setbun's ghost.
Setbun's ghost is severely damaged.
Setbun's ghost hits you!
You hit Setbun's ghost.
Setbun's ghost is severely damaged.
Setbun's ghost misses you.
You hit Setbun's ghost but do no damage.
Setbun's ghost is severely damaged.
Setbun's ghost misses you.
You closely miss Setbun's ghost.
Setbun's ghost is severely damaged.
Setbun's ghost hits you!
* * * LOW HITPOINT WARNING * * *
You hit Setbun's ghost but do no damage.
Setbun's ghost is severely damaged.
Setbun's ghost hits you.
* * * LOW HITPOINT WARNING * * *
Casting: Ensorcelled Hibernation (safe; 16% risk of failure)
Confirm with . or Enter, or press ? or * to list all spells.
You can't see any susceptible monsters within range! (Use Z to cast anyway.) Unknown command.
Casting: Ensorcelled Hibernation (safe; 16% risk of failure)
Confirm with . or Enter, or press ? or * to list all spells.
Okay, then.
You barely miss Setbun's ghost.
Setbun's ghost is severely damaged.
You closely miss Setbun's ghost.
Setbun's ghost is severely damaged.
Setbun's ghost wails.
Setbun's ghost hits you.
You die...

####.##....###.#####...#.#####.##
........#..).........##..# #.#
.###.####.#..#...#......## #.# ##
#.####.#..#.....###### #.##
#..#......##'#### #..#
#####...รท#...#)~.# ##.#
#.......####.#.~.# #########.#
#.###.### #.#.~.# ##..........
..##..### #.#.~@# ###..########.
##......# #.#.W?# #....# #.
...####.####.##### #....# ## .###
#........# #....## ### .#
##.###.#.# ####..### #.. .# ##.#
#.#.### ##...####.. .# ####..#
#.#...## ###.......
####.....#####.#..### ######..
#8^.......^8##.##...## ##.


You could see Setbun's ghost.

Vanquished Creatures
  A gnoll (D:1)
  2 adders
  3 dart slugs
  A worm (D:2)
  An orc (D:3)
  4 ball pythons
  8 bats
  4 endoplasms
  2 giant cockroaches (D:1)
  3 goblins (D:2)
  2 hobgoblins (D:2)
  A kobold (D:1)
  4 quokkas
  7 frilled lizards
  A rat (D:1)
44 creatures vanquished.

Notes
Turn   | Place    | Note
-------+----------+-------------------------------------------
     0 | D:1      | Setbun the Kobold Enchanter began the quest for the Orb.
     0 | D:1      | Reached XP level 1. HP: 10/10 MP: 3/3
    38 | D:1      | You fall into a shaft and drop 1 floor!
   182 | D:2      | Reached XP level 2. HP: 13/16 MP: 5/5
   250 | D:2      | Found Xereux's Book Boutique.
   549 | D:1      | Reached XP level 3. HP: 20/20 MP: 6/6
   833 | D:1      | Reached skill level 1 in Fighting
   836 | D:1      | Learned a level 2 spell: Ensorcelled Hibernation
   840 | D:1      | Learned a level 3 spell: Confusing Touch
  1813 | D:2      | Reached XP level 4. HP: 25/25 MP: 7/7
  2669 | D:3      | Found a runed translucent door.
  2813 | D:3      | Found a faded altar of an unknown god.
  2973 | D:3      | Noticed Setbun's ghost (amateur HOFi)
  2985 | D:3      | Slain by Setbun's ghost

Illustrated notes

Levels and vault maps discovered:
D:1:      lightli_arrival_quake, layout_basic
D:2:      layout_loops_ring, serial_shops, shop, minmay_tetromino_o4
D:3:      layout_rooms, ebering_ghost_reflecting_pool,
          shapermc_ecumenical_altar_mp_highgroup

Skill      XL: |  1  2  3 |
---------------+----------+-----
Short Blades   | 2 3 |  3.4
Fighting       | 1 |  1.4
Dodging        | |  2.9
Stealth        | |  4.4
Spellcasting   | |  2.5
Hexes          | |  3.3

Action                   |  1- 3 |  4- 6 || total
-------------------------+-------+-------++-------
Melee: Dagger            |    94 |    43 ||   137
       Punch             |     2 |       ||     2
 Cast: Ensorcelled Hiber |     1 |     3 ||     4
 Stab: Sleeping          |    15 |     6 ||    21
Armor: Robe              |    22 |     9 ||    31
Dodge: Dodged            |    63 |    31 ||    94

Table legend: (Time is in decaauts)
 A = Elapsed time spent in this place.
 B = Non-inter-level travel time spent in this place.
 C = Inter-level travel time spent in this place.
 D = Time resting spent in this place.
 E = Time spent auto-exploring this place.
 F = Levels seen in this place.
 G = Mean time per level.
                   A        B        C        D        E       F      G
               +--------+--------+--------+--------+--------+-----+--------+
         Total |   2967 |   2942 |     25 |    485 |   2106 |   3 |  989.0 |
       Dungeon |   2967 |   2942 |     25 |    485 |   2106 |   3 |  989.0 |
               +--------+--------+--------+--------+--------+-----+--------+

Top non-repeatable levels by time:
     D:1: 1369 daAuts
     D:2: 1064 daAuts
     D:3: 534 daAuts
